Jets vs Predators

Created - 18 mars 2018 at 17:34

Goals
1 2 3 OT1 T
Jets 1 2 2 0 5
Predators 4 0 1 1 6
Shots
1 2 3 OT1 T
Jets 8 11 9 2 30
Predators 12 19 12 1 44

1st period

1. Predators , Elias Lindholm 16 (Vladislav Namestnikov 12, Phillip Danault 21) at 1:59
2. Predators , Nicklas Backstrom 28 (Max Pacioretty 38, Oliver Ekman-Larsson 32) at 8:06
3. Jets , Jeff Skinner 35 (Rickard Rakell 35, Frans Nielsen 44) at 9:25
4. Predators , Steven Stamkos 27 (Jaden Schwartz 30) at 12:56
5. Predators , Max Pacioretty 35 (Nicklas Backstrom 45, Kevin Hayes 21) at 18:30

Penalties :
Nikita Zadorov (NSH) for Slashing (Minor) at 9:46

2nd period

6. Jets , Nino Niederreiter 31 (Mika Zibanejad 18) at 4:33
7. Jets , Frans Nielsen 31 (Jonas Brodin 30, Rickard Rakell 36) at 12:45

Penalties :
Oliver Ekman-Larsson (NSH) for Tripping (Minor) at 19:02

3rd period

8. Jets , Rickard Rakell 31 (Jonas Brodin 31) at 4:46
9. Jets , Jamie Benn 41 (Hampus Lindholm 26, Nick Holden 28) at 16:05 (PP)
10. Predators , Max Pacioretty 36 (Nicklas Backstrom 46) at 19:36

Penalties :
Cam Atkinson (WPG) for Hooking (Minor) at 8:08, Oliver Ekman-Larsson (NSH) for Tripping (Minor) at 15:57

Overtime #1

11. Predators , Nicklas Backstrom 29 (Max Pacioretty 39, Oliver Ekman-Larsson 33) at 0:38

Penalties :
No Penalty

Goalie Stats

Keith Kinkaid (WPG), 37 saves from 40 shots - (0.925), OTL, 13-5-1, 47:43 minutes
Cory Schneider (WPG), 1 saves from 4 shots - (0.250), 12:56 minutes
Corey Crawford (NSH), 25 saves from 30 shots - (0.833), W, 24-28-3, 60:03 minutes

Players Stats for Jets

Player Name              G  A  P  +/- PIM S  H  SB GA TA FO     MP     PP MP  PK MP  
------------------------------------------------------------------------------------
Bryan Rust               0  0  0   0  0   1  0  0  0  0  0/0     2:57   0:00   0:00 
Cam Atkinson             0  0  0  -1  2   4  0  1  0  0  1/1    23:20   2:40   0:00 
Connor Carrick           0  0  0   0  0   0  0  1  0  0  0/0     6:52   0:00   0:00 
Frans Nielsen            1  1  2   0  0   2  1  0  0  0  14/31  19:43   1:26   1:23 
Hampus Lindholm          0  1  1  -1  0   0  3  4  0  0  0/0    23:35   2:40   1:55 
Jamie Benn               1  0  1  -2  0   4  7  0  0  0  1/3    23:43   2:40   0:00 
Jeff Skinner             1  0  1   0  0   5  2  0  0  0  0/1    20:58   1:26   0:00 
Jonas Brodin             0  2  2  -2  0   1  1  0  0  0  0/0    21:06   1:26   0:00 
Jordie Benn              0  0  0   0  0   0  3  0  0  0  0/0    18:21   0:00   0:04 
Marian Hossa             0  0  0   0  0   0  2  0  0  0  0/1    15:41   0:00   1:59 
Matt Irwin               0  0  0   0  0   0  0  1  0  0  0/0    11:30   0:00   0:00 
Mika Zibanejad           0  1  1   0  0   0  0  0  0  0  7/15   13:42   0:00   0:00 
Mikko Koivu              0  0  0  -2  0   5  0  1  0  0  19/37  23:58   2:40   0:00 
Nick Holden              0  1  1   0  0   1  3  2  0  0  0/0    19:19   2:40   0:04 
Nino Niederreiter        1  0  1   0  0   4  1  0  0  0  0/0    13:42   0:00   0:00 
Radek Faksa              0  0  0   0  0   0  0  0  0  0  8/13    3:33   0:00   0:36 
Rickard Rakell           1  2  3   0  0   3  1  0  0  0  1/2    18:01   1:26   0:00 
Tobias Enstrom           0  0  0   0  0   0  1  0  0  0  0/0    19:56   1:26   1:55 

Players Stats for Predators

Player Name              G  A  P  +/- PIM S  H  SB GA TA FO     MP     PP MP  PK MP  
------------------------------------------------------------------------------------
Anton Lindholm           0  0  0   1  0   0  0  1  0  0  0/0    15:37   0:00   1:25 
Chris Kelly              0  0  0  -2  0   1  0  0  0  0  2/14    7:59   0:00   0:00 
Colton Sissons           0  0  0  -2  0   0  0  0  0  0  0/0     7:59   0:00   0:00 
Connor Murphy            0  0  0   1  0   0  3  0  0  0  0/0    14:53   0:00   0:00 
Elias Lindholm           1  0  1   2  0   3  2  0  0  0  10/16  12:40   1:04   0:00 
J.T. Miller              0  0  0   1  0   5  0  0  0  0  0/1    16:18   0:55   0:00 
Jaden Schwartz           0  1  1   1  0   5  1  0  0  0  2/2    17:13   0:55   0:55 
Kevin Hayes              0  1  1   0  0   2  1  1  0  0  0/1    18:57   0:00   0:00 
Max Pacioretty           2  2  4   2  0   9  2  0  0  0  2/3    21:26   1:04   0:55 
Milan Michalek           0  0  0  -2  0   1  0  0  0  0  0/0     7:59   0:00   0:00 
Nicklas Backstrom        2  2  4   2  0   5  0  0  0  0  22/39  23:57   1:04   3:11 
Nikita Zadorov           0  0  0   0  2   1  5  2  0  0  0/0    18:41   0:45   0:56 
Oliver Ekman-Larsson     0  2  2   1  4   2  2  1  0  0  0/0    24:42   1:14   1:09 
Oscar Klefbom            0  0  0   0  0   2  0  1  0  0  0/0    21:06   0:45   2:22 
Phillip Danault          0  1  1   1  0   0  1  0  0  0  0/0    11:28   0:00   0:00 
Roman Josi               0  0  0   0  0   2  0  1  0  0  0/0    25:37   1:14   2:20 
Steven Stamkos           1  0  1   1  0   5  2  0  0  0  14/26  19:48   0:55   3:11 
Vladislav Namestnikov    0  1  1   1  0   1  0  0  0  0  1/2    11:28   0:00   0:00 

3 Stars

1 - Max Pacioretty (NSH)
2 - Nicklas Backstrom (NSH)
3 - Rickard Rakell (WPG)

Power Play

Jets - 1 on 3 Attempt(s) - 33.33%
Predators - 0 on 1 Attempt(s) - 0.00%

Penalty Kill

Jets - 1 on 1 Attempt(s) - 100.00% - Score 0 goal in Penalty Kill
Predators - 2 on 3 Attempt(s) - 66.67% - Score 0 goal in Penalty Kill

Team Stat

Jets - Hits : 25 - Faceoff Wins : 51 - Blocked Shots : 10 - Penalty Minutes : 2
Predators - Hits : 19 - Faceoff Wins : 53 - Blocked Shots : 7 - Penalty Minutes : 6

Official

Referees : Dave Jackson and Kevin Pollock
Linesman : Andy McElman and Brad Kovachik

Game Notes

Keith Kinkaid enters game at 12:56 of 1st period
Steven Stamkos is injured at 0:18 of 1st overtime period (Lower Body)

Finance

Level 1 -- Attendance: 6500 (100.00%) -- Ticket Income 650 000 $
Level 2 -- Attendance: 4460 (89.20%) -- Ticket Income 343 420 $
Level 3 -- Attendance: 3028 (86.51%) -- Ticket Income 175 624 $
Level 4 -- Attendance: 1113 (100.00%) -- Ticket Income 46 746 $
Luxury Box -- Attendance: 1000 (100.00%) -- Ticket Income 185 000 $
Game was played at the Bridgestone Arena.
Total Attendance: 16101 (94.09%)
Total Ticket Income: 1 400 790 $
Other Income: 210 118 $
Total Income: 1 610 908 $

% Time on Ice - Jets

Lines # - Real PCT - Wanted PCT - Time Play
Normal Forward
1 - 38% - 37% - 20:41
2 - 31% - 34% - 16:35
3 - 25% - 22% - 13:42
4 - 5% - 7% - 2:57
Normal Defense
1 - 35% - 40% - 19:03
2 - 31% - 30% - 16:35
3 - 21% - 20% - 11:30
4 - 13% - 10% - 6:47
PP Forward
1 - 65% - 60% - 2:40
2 - 35% - 40% - 1:26
PP Defense
1 - 65% - 60% - 2:40
2 - 35% - 40% - 1:26
PK Forward
1 - 100% - 60% - 1:59
2 - 0% - 40% - 0:00
PK Defense
1 - 97% - 60% - 1:55
2 - 3% - 40% - 0:04
PK3 Forward
1 - 0% - 60%
2 - 0% - 40%
PK3 Defense
1 - 0% - 60%
2 - 0% - 40%
44 Forward
1 - 0% - 60%
2 - 0% - 40%
44 Defense
1 - 0% - 60%
2 - 0% - 40%
Last Minute Offensive  - 0:00
Last Minute Defensive  - 0:00
Total
Forward - 60:00
Defense - 60:00

% Time on Ice - Predators

Lines # - Real PCT - Wanted PCT - Time Play
Normal Forward
1 - 35% - 40% - 18:57
2 - 29% - 30% - 15:23
3 - 21% - 20% - 11:28
4 - 15% - 10% - 7:59
Normal Defense
1 - 36% - 40% - 19:12
2 - 33% - 30% - 17:42
3 - 26% - 20% - 14:12
4 - 5% - 10% - 2:41
PP Forward
1 - 54% - 60% - 1:04
2 - 46% - 40% - 0:55
PP Defense
1 - 62% - 60% - 1:14
2 - 38% - 40% - 0:45
PK Forward
1 - 78% - 60% - 3:11
2 - 22% - 40% - 0:55
PK Defense
1 - 57% - 60% - 2:20
2 - 43% - 40% - 1:46
PK3 Forward
1 - 0% - 60%
2 - 0% - 40%
PK3 Defense
1 - 0% - 60%
2 - 0% - 40%
44 Forward
1 - 0% - 60%
2 - 0% - 40%
44 Defense
1 - 0% - 60%
2 - 0% - 40%
Last Minute Offensive  - 0:08
Last Minute Defensive  - 0:00
Total
Forward - 60:00
Defense - 60:00

Play by Play

1st period


0:01 of 1st period - Cam Atkinson wins face-off versus Nicklas Backstrom in neutral zone.
1:09 of 1st period - Shot by Steven Stamkos.
1:09 of 1st period - Shot Blocked by Nick Holden.
1:41 of 1st period - Icing by Matt Irwin.
1:42 of 1st period - Elias Lindholm wins face-off versus Mika Zibanejad in Jets zone.
1:59 of 1st period - Shot by Elias Lindholm.
1:59 of 1st period - Goal by Elias Lindholm - Jets : 0 - Predators : 1.
2:00 of 1st period - Mikko Koivu wins face-off versus Chris Kelly in neutral zone.
2:41 of 1st period - Shot by Cam Atkinson.
2:41 of 1st period - Shot Misses the Net.
4:14 of 1st period - Icing by Max Pacioretty.
4:15 of 1st period - Nicklas Backstrom wins face-off versus Mikko Koivu in Predators zone.
4:19 of 1st period - Icing by Kevin Hayes.
4:20 of 1st period - Mikko Koivu wins face-off versus Kevin Hayes in Predators zone.
4:20 of 1st period - Mikko Koivu is hit by Connor Murphy.
4:22 of 1st period - Shot by Cam Atkinson.
4:22 of 1st period - Shot Misses the Net.
4:24 of 1st period - Shot by Cam Atkinson.
4:24 of 1st period - Stopped by Corey Crawford without a rebound.
4:25 of 1st period - Steven Stamkos wins face-off versus Mikko Koivu in Predators zone.
4:30 of 1st period - Hampus Lindholm is hit by Steven Stamkos and loses puck.
4:59 of 1st period - Shot by Jamie Benn.
4:59 of 1st period - Shot Misses the Net.
5:09 of 1st period - Hampus Lindholm is hit by Jaden Schwartz and loses puck.
6:08 of 1st period - Phillip Danault is hit by Nick Holden and loses puck.
6:38 of 1st period - Icing by Roman Josi.
6:39 of 1st period - Chris Kelly wins face-off versus Frans Nielsen in Predators zone.
6:47 of 1st period - Off-side.
6:48 of 1st period - Mikko Koivu wins face-off versus Steven Stamkos in neutral zone.
6:50 of 1st period - Off-side.
6:51 of 1st period - Steven Stamkos wins face-off versus Mikko Koivu in neutral zone.
7:26 of 1st period - Off-side.
7:27 of 1st period - Nicklas Backstrom wins face-off versus Frans Nielsen in neutral zone.
7:40 of 1st period - Shot by Frans Nielsen.
7:40 of 1st period - Shot Misses the Net.
8:06 of 1st period - Shot by Nicklas Backstrom.
8:06 of 1st period - Goal by Nicklas Backstrom - Jets : 0 - Predators : 2.
8:07 of 1st period - Mika Zibanejad wins face-off versus Elias Lindholm in neutral zone.
8:19 of 1st period - Mika Zibanejad is hit by Nikita Zadorov and loses puck.
8:25 of 1st period - Nino Niederreiter is hit by Nikita Zadorov and loses puck.
8:30 of 1st period - Shot by Nino Niederreiter.
8:30 of 1st period - Stopped by Corey Crawford without a rebound.
8:31 of 1st period - Mikko Koivu wins face-off versus Steven Stamkos in Predators zone.
8:35 of 1st period - Icing by Anton Lindholm.
8:36 of 1st period - Jaden Schwartz wins face-off versus Mikko Koivu in Predators zone.
8:36 of 1st period - Jaden Schwartz is hit by Jamie Benn.
9:00 of 1st period - Shot by Jaden Schwartz.
9:00 of 1st period - Shot Misses the Net.
9:05 of 1st period - Off-side.
9:06 of 1st period - Max Pacioretty wins face-off versus Frans Nielsen in neutral zone.
9:08 of 1st period - Nicklas Backstrom is hit by Rickard Rakell and loses puck.
9:23 of 1st period - Shot by Rickard Rakell.
9:23 of 1st period - Shot Blocked by Roman Josi.
9:25 of 1st period - Shot by Jeff Skinner.
9:25 of 1st period - Goal by Jeff Skinner - Jets : 1 - Predators : 2.
9:26 of 1st period - Elias Lindholm wins face-off versus Mika Zibanejad in neutral zone.
9:38 of 1st period - Elias Lindholm is hit by Marian Hossa and loses puck.
9:44 of 1st period - Icing by Oscar Klefbom.
9:45 of 1st period - Frans Nielsen wins face-off versus Elias Lindholm in Predators zone.
9:45 of 1st period - Rickard Rakell is hit by Nikita Zadorov and loses puck.
9:46 of 1st period - Minor Penalty to Nikita Zadorov for Slashing.
9:47 of 1st period - Nicklas Backstrom wins face-off versus Mikko Koivu in Predators zone.
10:51 of 1st period - Shot by Jonas Brodin.
10:51 of 1st period - Stopped by Corey Crawford with a rebound.
11:10 of 1st period - Off-side.
11:11 of 1st period - Mikko Koivu wins face-off versus Nicklas Backstrom in neutral zone.
12:54 of 1st period - Shot by Chris Kelly.
12:54 of 1st period - Stopped by Cory Schneider without a rebound.
12:55 of 1st period - Jaden Schwartz wins face-off versus Frans Nielsen in Jets zone.
12:56 of 1st period - Shot by Steven Stamkos.
12:56 of 1st period - Goal by Steven Stamkos - Jets : 1 - Predators : 3.
12:56 of 1st period - Keith Kinkaid enters game.
12:57 of 1st period - Nicklas Backstrom wins face-off versus Frans Nielsen in neutral zone.
13:02 of 1st period - Shot by Nicklas Backstrom.
13:02 of 1st period - Stopped by Keith Kinkaid with a rebound.
13:17 of 1st period - Shot by Max Pacioretty.
13:17 of 1st period - Shot Misses the Net.
13:28 of 1st period - Icing by Anton Lindholm.
13:29 of 1st period - Mikko Koivu wins face-off versus Nicklas Backstrom in Predators zone.
13:37 of 1st period - Off-side.
13:38 of 1st period - Mikko Koivu wins face-off versus Steven Stamkos in neutral zone.
14:19 of 1st period - Icing by Mikko Koivu.
14:20 of 1st period - Nicklas Backstrom wins face-off versus Mikko Koivu in Jets zone.
14:39 of 1st period - Shot by Max Pacioretty.
14:39 of 1st period - Stopped by Keith Kinkaid with a rebound.
14:41 of 1st period - Shot by Nikita Zadorov.
14:41 of 1st period - Stopped by Keith Kinkaid without a rebound.
14:42 of 1st period - Elias Lindholm wins face-off versus Frans Nielsen in Jets zone.
14:58 of 1st period - Icing by Connor Murphy.
14:59 of 1st period - Elias Lindholm wins face-off versus Mika Zibanejad in Predators zone.
15:17 of 1st period - Off-side.
15:18 of 1st period - Nicklas Backstrom wins face-off versus Frans Nielsen in neutral zone.
15:39 of 1st period - Shot by Nicklas Backstrom.
15:39 of 1st period - Stopped by Keith Kinkaid without a rebound.
15:40 of 1st period - Steven Stamkos wins face-off versus Mikko Koivu in Jets zone.
15:47 of 1st period - Shot by Jaden Schwartz.
15:47 of 1st period - Stopped by Keith Kinkaid without a rebound.
15:48 of 1st period - Steven Stamkos wins face-off versus Mikko Koivu in Jets zone.
15:50 of 1st period - Jaden Schwartz is hit by Tobias Enstrom and loses puck.
16:17 of 1st period - Shot by Cam Atkinson.
16:17 of 1st period - Shot Misses the Net.
16:27 of 1st period - Shot by Jaden Schwartz.
16:27 of 1st period - Stopped by Keith Kinkaid without a rebound.
16:28 of 1st period - Frans Nielsen wins face-off versus Nicklas Backstrom in Jets zone.
16:28 of 1st period - Frans Nielsen is hit by Max Pacioretty.
16:38 of 1st period - Frans Nielsen is hit by Nikita Zadorov and loses puck.
16:41 of 1st period - Shot by Hampus Lindholm.
16:41 of 1st period - Shot Misses the Net.
16:43 of 1st period - Shot by Jonas Brodin.
16:43 of 1st period - Shot Blocked by Nikita Zadorov.
16:57 of 1st period - Shot by Jeff Skinner.
16:57 of 1st period - Stopped by Corey Crawford with a rebound.
16:59 of 1st period - Shot by Frans Nielsen.
16:59 of 1st period - Stopped by Corey Crawford without a rebound.
17:00 of 1st period - Elias Lindholm wins face-off versus Mika Zibanejad in Predators zone.
18:08 of 1st period - Off-side.
18:09 of 1st period - Mikko Koivu wins face-off versus Nicklas Backstrom in neutral zone.
18:28 of 1st period - Shot by Max Pacioretty.
18:28 of 1st period - Shot Misses the Net.
18:30 of 1st period - Shot by Max Pacioretty.
18:30 of 1st period - Goal by Max Pacioretty - Jets : 1 - Predators : 4.
18:31 of 1st period - Frans Nielsen wins face-off versus Chris Kelly in neutral zone.
18:50 of 1st period - Shot by Frans Nielsen.
18:50 of 1st period - Shot Misses the Net.
18:52 of 1st period - Shot by Jeff Skinner.
18:52 of 1st period - Stopped by Corey Crawford without a rebound.
18:53 of 1st period - Mikko Koivu wins face-off versus Nicklas Backstrom in Predators zone.
19:03 of 1st period - Kevin Hayes is hit by Hampus Lindholm and loses puck.
19:08 of 1st period - Shot by Kevin Hayes.
19:08 of 1st period - Stopped by Keith Kinkaid without a rebound.
19:09 of 1st period - Steven Stamkos wins face-off versus Frans Nielsen in Jets zone.
19:13 of 1st period - Icing by Tobias Enstrom.
19:14 of 1st period - Frans Nielsen wins face-off versus Nicklas Backstrom in Jets zone.
19:44 of 1st period - Shot by Frans Nielsen.
19:44 of 1st period - Deflect By Rickard Rakell.
19:44 of 1st period - Stopped by Corey Crawford without a rebound.
19:45 of 1st period - Steven Stamkos wins face-off versus Jamie Benn in Predators zone.
Goals for this period are 1 for Jets vs 4 for Predators.
Shots for this period are 8 for Jets vs 12 for Predators.

2nd period


0:01 of 2nd period - Nicklas Backstrom wins face-off versus Rickard Rakell in neutral zone.
0:16 of 2nd period - Shot by Jeff Skinner.
0:16 of 2nd period - Deflect By Rickard Rakell.
0:16 of 2nd period - Shot Misses the Net.
0:57 of 2nd period - Mikko Koivu is hit by Kevin Hayes and loses puck.
1:18 of 2nd period - Shot by Jamie Benn.
1:18 of 2nd period - Deflect By Mikko Koivu.
1:18 of 2nd period - Stopped by Corey Crawford without a rebound.
1:19 of 2nd period - Mika Zibanejad wins face-off versus Steven Stamkos in Predators zone.
1:22 of 2nd period - Shot by Nino Niederreiter.
1:22 of 2nd period - Shot Misses the Net.
1:36 of 2nd period - Shot by Steven Stamkos.
1:36 of 2nd period - Stopped by Keith Kinkaid with a rebound.
1:38 of 2nd period - Shot by Steven Stamkos.
1:38 of 2nd period - Shot Blocked by Nick Holden.
1:40 of 2nd period - Shot by Oscar Klefbom.
1:40 of 2nd period - Stopped by Keith Kinkaid with a rebound.
1:44 of 2nd period - Shot by J.T. Miller.
1:44 of 2nd period - Stopped by Keith Kinkaid without a rebound.
1:45 of 2nd period - Elias Lindholm wins face-off versus Mikko Koivu in Jets zone.
2:08 of 2nd period - Shot by Phillip Danault.
2:08 of 2nd period - Shot Misses the Net.
2:10 of 2nd period - Shot by Vladislav Namestnikov.
2:10 of 2nd period - Deflect By Elias Lindholm.
2:10 of 2nd period - Stopped by Keith Kinkaid without a rebound.
2:11 of 2nd period - Frans Nielsen wins face-off versus Steven Stamkos in Jets zone.
2:13 of 2nd period - Icing by Hampus Lindholm.
2:14 of 2nd period - Steven Stamkos wins face-off versus Jeff Skinner in Jets zone.
2:14 of 2nd period - Steven Stamkos is hit by Hampus Lindholm.
2:28 of 2nd period - Shot by Jaden Schwartz.
2:28 of 2nd period - Stopped by Keith Kinkaid without a rebound.
2:29 of 2nd period - Mikko Koivu wins face-off versus Chris Kelly in Jets zone.
2:56 of 2nd period - Shot by Jamie Benn.
2:56 of 2nd period - Stopped by Corey Crawford without a rebound.
2:57 of 2nd period - Nicklas Backstrom wins face-off versus Frans Nielsen in Predators zone.
3:18 of 2nd period - Shot by Rickard Rakell.
3:18 of 2nd period - Shot Misses the Net.
3:26 of 2nd period - Shot by Frans Nielsen.
3:26 of 2nd period - Shot Misses the Net.
3:48 of 2nd period - Shot by Jamie Benn.
3:48 of 2nd period - Shot Misses the Net.
4:15 of 2nd period - Shot by Cam Atkinson.
4:15 of 2nd period - Shot Blocked by Nikita Zadorov.
4:20 of 2nd period - Jamie Benn is hit by Nikita Zadorov and loses puck.
4:33 of 2nd period - Shot by Nino Niederreiter.
4:33 of 2nd period - Goal by Nino Niederreiter - Jets : 2 - Predators : 4.
4:34 of 2nd period - Mika Zibanejad wins face-off versus Steven Stamkos in neutral zone.
4:34 of 2nd period - Nick Holden is hit by Steven Stamkos and loses puck.
4:51 of 2nd period - Shot by Oliver Ekman-Larsson.
4:51 of 2nd period - Stopped by Keith Kinkaid without a rebound.
4:52 of 2nd period - Radek Faksa wins face-off versus Elias Lindholm in Jets zone.
4:52 of 2nd period - Radek Faksa is hit by Elias Lindholm.
4:55 of 2nd period - Jonas Brodin is hit by Elias Lindholm and loses puck.
5:06 of 2nd period - Shot by Bryan Rust.
5:06 of 2nd period - Shot Misses the Net.
5:20 of 2nd period - Shot by Radek Faksa.
5:20 of 2nd period - Shot Blocked by Anton Lindholm.
5:22 of 2nd period - Shot by Jonas Brodin.
5:22 of 2nd period - Shot Misses the Net.
6:14 of 2nd period - Shot by Jamie Benn.
6:14 of 2nd period - Shot Misses the Net.
6:24 of 2nd period - Shot by Mika Zibanejad.
6:24 of 2nd period - Deflect By Nino Niederreiter.
6:24 of 2nd period - Stopped by Corey Crawford without a rebound.
6:25 of 2nd period - Mika Zibanejad wins face-off versus Chris Kelly in Predators zone.
7:17 of 2nd period - Shot by Steven Stamkos.
7:17 of 2nd period - Stopped by Keith Kinkaid without a rebound.
7:18 of 2nd period - Nicklas Backstrom wins face-off versus Frans Nielsen in Jets zone.
7:19 of 2nd period - Shot by Max Pacioretty.
7:19 of 2nd period - Stopped by Keith Kinkaid without a rebound.
7:20 of 2nd period - Nicklas Backstrom wins face-off versus Frans Nielsen in Jets zone.
7:40 of 2nd period - Kevin Hayes is hit by Jonas Brodin and loses puck.
7:45 of 2nd period - Shot by Kevin Hayes.
7:45 of 2nd period - Shot Blocked by Hampus Lindholm.
8:19 of 2nd period - Shot by Roman Josi.
8:19 of 2nd period - Stopped by Keith Kinkaid without a rebound.
8:20 of 2nd period - Elias Lindholm wins face-off versus Mikko Koivu in Jets zone.
8:52 of 2nd period - Shot by Cam Atkinson.
8:52 of 2nd period - Shot Misses the Net.
8:54 of 2nd period - Shot by Tobias Enstrom.
8:54 of 2nd period - Shot Misses the Net.
8:56 of 2nd period - Shot by Jamie Benn.
8:56 of 2nd period - Stopped by Corey Crawford without a rebound.
8:57 of 2nd period - Steven Stamkos wins face-off versus Mika Zibanejad in Predators zone.
8:57 of 2nd period - Steven Stamkos is hit by Nino Niederreiter.
9:22 of 2nd period - Shot by Marian Hossa.
9:22 of 2nd period - Shot Misses the Net.
9:38 of 2nd period - Shot by Roman Josi.
9:38 of 2nd period - Shot Misses the Net.
10:06 of 2nd period - Shot by Max Pacioretty.
10:06 of 2nd period - Stopped by Keith Kinkaid without a rebound.
10:07 of 2nd period - Mikko Koivu wins face-off versus Elias Lindholm in Jets zone.
10:07 of 2nd period - Mikko Koivu is hit by Phillip Danault.
10:19 of 2nd period - Shot by Cam Atkinson.
10:19 of 2nd period - Stopped by Corey Crawford with a rebound.
10:39 of 2nd period - Shot by Vladislav Namestnikov.
10:39 of 2nd period - Shot Misses the Net.
11:21 of 2nd period - Icing by Hampus Lindholm.
11:22 of 2nd period - Frans Nielsen wins face-off versus Steven Stamkos in Jets zone.
11:35 of 2nd period - Shot by Rickard Rakell.
11:35 of 2nd period - Shot Blocked by Oliver Ekman-Larsson.
11:42 of 2nd period - Icing by Oliver Ekman-Larsson.
11:43 of 2nd period - Mika Zibanejad wins face-off versus J.T. Miller in Predators zone.
12:11 of 2nd period - Shot by J.T. Miller.
12:11 of 2nd period - Stopped by Keith Kinkaid without a rebound.
12:12 of 2nd period - Nicklas Backstrom wins face-off versus Mikko Koivu in Jets zone.
12:29 of 2nd period - Shot by Oscar Klefbom.
12:29 of 2nd period - Stopped by Keith Kinkaid without a rebound.
12:30 of 2nd period - Frans Nielsen wins face-off versus Chris Kelly in Jets zone.
12:41 of 2nd period - Shot by Rickard Rakell.
12:41 of 2nd period - Shot Misses the Net.
12:45 of 2nd period - Shot by Frans Nielsen.
12:45 of 2nd period - The goal is going for a video replay.
12:45 of 2nd period - The goal is good.
12:45 of 2nd period - Goal by Frans Nielsen - Jets : 3 - Predators : 4.
12:46 of 2nd period - Nicklas Backstrom wins face-off versus Mikko Koivu in neutral zone.
12:46 of 2nd period - Nicklas Backstrom is hit by Jamie Benn.
12:58 of 2nd period - Shot by Kevin Hayes.
12:58 of 2nd period - Shot Blocked by Connor Carrick.
13:04 of 2nd period - Shot by Max Pacioretty.
13:04 of 2nd period - Shot Misses the Net.
13:06 of 2nd period - Shot by Kevin Hayes.
13:06 of 2nd period - Stopped by Keith Kinkaid without a rebound.
13:07 of 2nd period - Frans Nielsen wins face-off versus Steven Stamkos in Jets zone.
13:37 of 2nd period - Shot by Rickard Rakell.
13:37 of 2nd period - Shot Misses the Net.
14:29 of 2nd period - Shot by Mikko Koivu.
14:29 of 2nd period - Stopped by Corey Crawford without a rebound.
14:30 of 2nd period - Vladislav Namestnikov wins face-off versus Mika Zibanejad in Predators zone.
14:30 of 2nd period - Vladislav Namestnikov is hit by Marian Hossa.
14:50 of 2nd period - Shot by Phillip Danault.
14:50 of 2nd period - Shot Blocked by Matt Irwin.
15:00 of 2nd period - Shot by Marian Hossa.
15:00 of 2nd period - Shot Misses the Net.
15:05 of 2nd period - Icing by Connor Murphy.
15:06 of 2nd period - Elias Lindholm wins face-off versus Mikko Koivu in Predators zone.
15:38 of 2nd period - Shot by Jamie Benn.
15:38 of 2nd period - Deflect By Cam Atkinson.
15:38 of 2nd period - Stopped by Corey Crawford without a rebound.
15:39 of 2nd period - Frans Nielsen wins face-off versus Nicklas Backstrom in Predators zone.
15:40 of 2nd period - Shot by Rickard Rakell.
15:40 of 2nd period - Stopped by Corey Crawford without a rebound.
15:41 of 2nd period - Nicklas Backstrom wins face-off versus Frans Nielsen in Predators zone.
15:43 of 2nd period - Icing by Max Pacioretty.
15:44 of 2nd period - Nicklas Backstrom wins face-off versus Frans Nielsen in Predators zone.
15:46 of 2nd period - Icing by Max Pacioretty.
15:47 of 2nd period - Rickard Rakell wins face-off versus Nicklas Backstrom in Predators zone.
15:50 of 2nd period - Shot by Frans Nielsen.
15:50 of 2nd period - Shot Misses the Net.
16:42 of 2nd period - Shot by Steven Stamkos.
16:42 of 2nd period - Stopped by Keith Kinkaid with a rebound.
16:48 of 2nd period - Shot by Jaden Schwartz.
16:48 of 2nd period - Stopped by Keith Kinkaid without a rebound.
16:49 of 2nd period - Chris Kelly wins face-off versus Jamie Benn in Jets zone.
17:48 of 2nd period - Shot by Steven Stamkos.
17:48 of 2nd period - Shot Blocked by Cam Atkinson.
17:50 of 2nd period - Shot by Jaden Schwartz.
17:50 of 2nd period - Shot Misses the Net.
17:52 of 2nd period - Shot by Jaden Schwartz.
17:52 of 2nd period - Shot Misses the Net.
17:54 of 2nd period - Shot by Jaden Schwartz.
17:54 of 2nd period - Shot Misses the Net.
17:56 of 2nd period - Shot by J.T. Miller.
17:56 of 2nd period - Stopped by Keith Kinkaid without a rebound.
17:57 of 2nd period - Elias Lindholm wins face-off versus Mika Zibanejad in Jets zone.
18:00 of 2nd period - Shot by Elias Lindholm.
18:00 of 2nd period - Stopped by Keith Kinkaid without a rebound.
18:01 of 2nd period - Mika Zibanejad wins face-off versus Max Pacioretty in Jets zone.
18:01 of 2nd period - Mika Zibanejad is hit by Max Pacioretty.
18:17 of 2nd period - Shot by Max Pacioretty.
18:17 of 2nd period - Stopped by Keith Kinkaid without a rebound.
18:18 of 2nd period - Steven Stamkos wins face-off versus Radek Faksa in Jets zone.
18:23 of 2nd period - Shot by Jaden Schwartz.
18:23 of 2nd period - Shot Blocked by Hampus Lindholm.
18:32 of 2nd period - J.T. Miller is hit by Hampus Lindholm and loses puck.
18:35 of 2nd period - Shot by Steven Stamkos.
18:35 of 2nd period - Stopped by Keith Kinkaid without a rebound.
18:36 of 2nd period - Nicklas Backstrom wins face-off versus Mika Zibanejad in Jets zone.
18:51 of 2nd period - Shot by Nino Niederreiter.
18:51 of 2nd period - Stopped by Corey Crawford with a rebound.
19:00 of 2nd period - Mika Zibanejad is hit by Oliver Ekman-Larsson and loses puck.
19:02 of 2nd period - Minor Penalty to Oliver Ekman-Larsson for Tripping.
19:03 of 2nd period - Nicklas Backstrom wins face-off versus Mikko Koivu in Predators zone.
Goals for this period are 2 for Jets vs 0 for Predators.
Shots for this period are 11 for Jets vs 19 for Predators.

3rd period


0:01 of 3rd period - Mikko Koivu wins face-off versus Steven Stamkos in neutral zone.
0:16 of 3rd period - Shot by Mikko Koivu.
0:16 of 3rd period - Shot Misses the Net.
0:18 of 3rd period - Shot by Nick Holden.
0:18 of 3rd period - Shot Misses the Net.
0:20 of 3rd period - Shot by Mikko Koivu.
0:20 of 3rd period - Shot Blocked by Oscar Klefbom.
0:22 of 3rd period - Shot by Hampus Lindholm.
0:22 of 3rd period - Shot Misses the Net.
0:24 of 3rd period - Shot by Mikko Koivu.
0:24 of 3rd period - Stopped by Corey Crawford without a rebound.
0:25 of 3rd period - Frans Nielsen wins face-off versus Nicklas Backstrom in Predators zone.
1:11 of 3rd period - Mikko Koivu is hit by Connor Murphy and loses puck.
1:34 of 3rd period - Elias Lindholm is hit by Jamie Benn and loses puck.
1:42 of 3rd period - Phillip Danault is hit by Jordie Benn and loses puck.
2:13 of 3rd period - Oscar Klefbom is hit by Jamie Benn and loses puck.
2:17 of 3rd period - Icing by Oscar Klefbom.
2:18 of 3rd period - Frans Nielsen wins face-off versus Chris Kelly in Predators zone.
2:47 of 3rd period - Max Pacioretty is hit by Jeff Skinner and loses puck.
4:07 of 3rd period - Icing by Nino Niederreiter.
4:08 of 3rd period - Elias Lindholm wins face-off versus Marian Hossa in Jets zone.
4:33 of 3rd period - Elias Lindholm is hit by Nick Holden.
4:35 of 3rd period - Shot by Vladislav Namestnikov.
4:35 of 3rd period - Stopped by Keith Kinkaid without a rebound.
4:36 of 3rd period - Frans Nielsen wins face-off versus Chris Kelly in Jets zone.
4:41 of 3rd period - Colton Sissons is hit by Jeff Skinner and loses puck.
4:46 of 3rd period - Shot by Rickard Rakell.
4:46 of 3rd period - Goal by Rickard Rakell - Jets : 4 - Predators : 4.
4:47 of 3rd period - Nicklas Backstrom wins face-off versus Mikko Koivu in neutral zone.
4:47 of 3rd period - Max Pacioretty is hit by Jamie Benn and loses puck.
4:51 of 3rd period - Nicklas Backstrom is hit by Jordie Benn and loses puck.
4:57 of 3rd period - Nicklas Backstrom is hit by Jordie Benn.
5:03 of 3rd period - Roman Josi is hit by Jamie Benn and loses puck.
5:22 of 3rd period - Shot by Cam Atkinson.
5:22 of 3rd period - Shot Misses the Net.
5:52 of 3rd period - Shot by Steven Stamkos.
5:52 of 3rd period - Shot Blocked by Mikko Koivu.
5:58 of 3rd period - Shot by J.T. Miller.
5:58 of 3rd period - Stopped by Keith Kinkaid without a rebound.
5:59 of 3rd period - Frans Nielsen wins face-off versus Vladislav Namestnikov in Jets zone.
7:17 of 3rd period - Icing by Roman Josi.
7:18 of 3rd period - Radek Faksa wins face-off versus Chris Kelly in Predators zone.
7:18 of 3rd period - Connor Carrick is hit by Oliver Ekman-Larsson.
7:43 of 3rd period - Icing by Radek Faksa.
7:44 of 3rd period - Nicklas Backstrom wins face-off versus Radek Faksa in Jets zone.
8:08 of 3rd period - Minor Penalty to Cam Atkinson for Hooking.
8:09 of 3rd period - Steven Stamkos wins face-off versus Radek Faksa in Jets zone.
8:34 of 3rd period - Shot by Steven Stamkos.
8:34 of 3rd period - Deflect By Jaden Schwartz.
8:34 of 3rd period - Shot Misses the Net.
8:36 of 3rd period - Shot by Roman Josi.
8:36 of 3rd period - Stopped by Keith Kinkaid without a rebound.
8:37 of 3rd period - Radek Faksa wins face-off versus Nicklas Backstrom in Jets zone.
8:48 of 3rd period - Shot by Max Pacioretty.
8:48 of 3rd period - Stopped by Keith Kinkaid without a rebound.
8:49 of 3rd period - Nicklas Backstrom wins face-off versus Radek Faksa in Jets zone.
8:52 of 3rd period - Shot by Nicklas Backstrom.
8:52 of 3rd period - Shot Misses the Net.
8:54 of 3rd period - Shot by Nicklas Backstrom.
8:54 of 3rd period - Stopped by Keith Kinkaid without a rebound.
8:55 of 3rd period - Radek Faksa wins face-off versus Nicklas Backstrom in Jets zone.
10:00 of 3rd period - Shot by Steven Stamkos.
10:00 of 3rd period - Shot Misses the Net.
10:12 of 3rd period - Shot by Steven Stamkos.
10:12 of 3rd period - Shot Misses the Net.
10:14 of 3rd period - Shot by Chris Kelly.
10:14 of 3rd period - Deflect By Milan Michalek.
10:14 of 3rd period - Stopped by Keith Kinkaid without a rebound.
10:15 of 3rd period - Mikko Koivu wins face-off versus Chris Kelly in Jets zone.
11:01 of 3rd period - Icing by Anton Lindholm.
11:02 of 3rd period - Radek Faksa wins face-off versus Chris Kelly in Predators zone.
11:03 of 3rd period - Shot by Jeff Skinner.
11:03 of 3rd period - Stopped by Corey Crawford without a rebound.
11:04 of 3rd period - Radek Faksa wins face-off versus Nicklas Backstrom in Predators zone.
11:08 of 3rd period - Icing by Roman Josi.
11:09 of 3rd period - Max Pacioretty wins face-off versus Radek Faksa in Predators zone.
11:20 of 3rd period - Shot by Max Pacioretty.
11:20 of 3rd period - Stopped by Keith Kinkaid without a rebound.
11:21 of 3rd period - Mikko Koivu wins face-off versus Steven Stamkos in Jets zone.
11:51 of 3rd period - Jaden Schwartz is hit by Nick Holden and loses puck.
12:00 of 3rd period - Shot by Cam Atkinson.
12:00 of 3rd period - Shot Misses the Net.
12:38 of 3rd period - Shot by Jeff Skinner.
12:38 of 3rd period - Shot Misses the Net.
13:21 of 3rd period - Off-side.
13:22 of 3rd period - Mikko Koivu wins face-off versus Elias Lindholm in neutral zone.
13:29 of 3rd period - Shot by Cam Atkinson.
13:29 of 3rd period - Shot Misses the Net.
14:59 of 3rd period - Shot by Nino Niederreiter.
14:59 of 3rd period - Shot Blocked by Kevin Hayes.
15:39 of 3rd period - Icing by Colton Sissons.
15:40 of 3rd period - Radek Faksa wins face-off versus Chris Kelly in Predators zone.
15:44 of 3rd period - Icing by Colton Sissons.
15:45 of 3rd period - Radek Faksa wins face-off versus Chris Kelly in Predators zone.
15:48 of 3rd period - Shot by Bryan Rust.
15:48 of 3rd period - Stopped by Corey Crawford without a rebound.
15:49 of 3rd period - Steven Stamkos wins face-off versus Mikko Koivu in Predators zone.
15:57 of 3rd period - Minor Penalty to Oliver Ekman-Larsson for Tripping.
15:58 of 3rd period - Mikko Koivu wins face-off versus Nicklas Backstrom in Predators zone.
15:59 of 3rd period - Shot by Jamie Benn.
15:59 of 3rd period - Shot Misses the Net.
16:01 of 3rd period - Shot by Nick Holden.
16:01 of 3rd period - Stopped by Corey Crawford with a rebound.
16:03 of 3rd period - Shot by Hampus Lindholm.
16:03 of 3rd period - Shot Misses the Net.
16:05 of 3rd period - Shot by Jamie Benn.
16:05 of 3rd period - Goal by Jamie Benn - Jets : 5 - Predators : 4.
16:06 of 3rd period - Nicklas Backstrom wins face-off versus Frans Nielsen in neutral zone.
16:13 of 3rd period - Shot by Kevin Hayes.
16:13 of 3rd period - Shot Misses the Net.
16:15 of 3rd period - Shot by Roman Josi.
16:15 of 3rd period - Shot Blocked by Hampus Lindholm.
16:17 of 3rd period - Shot by Oliver Ekman-Larsson.
16:17 of 3rd period - Stopped by Keith Kinkaid without a rebound.
16:18 of 3rd period - Steven Stamkos wins face-off versus Mikko Koivu in Jets zone.
16:25 of 3rd period - Shot by Steven Stamkos.
16:25 of 3rd period - Shot Misses the Net.
16:48 of 3rd period - Shot by Cam Atkinson.
16:48 of 3rd period - Stopped by Corey Crawford without a rebound.
16:49 of 3rd period - Nicklas Backstrom wins face-off versus Frans Nielsen in Predators zone.
16:54 of 3rd period - Max Pacioretty is hit by Frans Nielsen and loses puck.
17:01 of 3rd period - Shot by Jeff Skinner.
17:01 of 3rd period - Stopped by Corey Crawford without a rebound.
17:02 of 3rd period - Mika Zibanejad wins face-off versus Elias Lindholm in Predators zone.
17:02 of 3rd period - Nino Niederreiter is hit by Connor Murphy and loses puck.
17:55 of 3rd period - Shot by Max Pacioretty.
17:55 of 3rd period - Stopped by Keith Kinkaid without a rebound.
17:56 of 3rd period - Frans Nielsen wins face-off versus Steven Stamkos in Jets zone.
18:09 of 3rd period - Shot by Steven Stamkos.
18:09 of 3rd period - Shot Blocked by Hampus Lindholm.
18:11 of 3rd period - Shot by J.T. Miller.
18:11 of 3rd period - Stopped by Keith Kinkaid with a rebound.
18:25 of 3rd period - Shot by Jaden Schwartz.
18:25 of 3rd period - Stopped by Keith Kinkaid without a rebound.
18:26 of 3rd period - Jamie Benn wins face-off versus Nicklas Backstrom in Jets zone.
18:28 of 3rd period - Icing by Cam Atkinson.
18:29 of 3rd period - Nicklas Backstrom wins face-off versus Mikko Koivu in Jets zone.
18:30 of 3rd period - Shot by Kevin Hayes.
18:30 of 3rd period - Shot Misses the Net.
18:44 of 3rd period - Shot by Jamie Benn.
18:44 of 3rd period - Stopped by Corey Crawford without a rebound.
18:45 of 3rd period - Steven Stamkos wins face-off versus Frans Nielsen in Predators zone.
19:00 of 3rd period - Predators, Corey Crawford is pulled from the net.
19:34 of 3rd period - Shot by Max Pacioretty.
19:34 of 3rd period - Shot Misses the Net.
19:36 of 3rd period - Shot by Max Pacioretty.
19:36 of 3rd period - Goal by Max Pacioretty - Jets : 5 - Predators : 5.
19:36 of 3rd period - Corey Crawford from Predators was sent back in the game.
19:37 of 3rd period - Mikko Koivu wins face-off versus Nicklas Backstrom in neutral zone.
Goals for this period are 2 for Jets vs 1 for Predators.
Shots for this period are 9 for Jets vs 12 for Predators.

Overtime #1


0:01 of 1st overtime period - Mikko Koivu wins face-off versus Steven Stamkos in neutral zone.
0:16 of 1st overtime period - Shot by Mikko Koivu.
0:16 of 1st overtime period - Stopped by Corey Crawford without a rebound.
0:17 of 1st overtime period - Steven Stamkos wins face-off versus Frans Nielsen in Predators zone.
0:17 of 1st overtime period - Steven Stamkos is hit by Jamie Benn.
0:18 of 1st overtime period - Steven Stamkos from Predators is injured at 0:18 of 1st overtime period (Lower Body).
0:19 of 1st overtime period - Mikko Koivu wins face-off versus Nicklas Backstrom in Predators zone.
0:20 of 1st overtime period - Shot by Jamie Benn.
0:20 of 1st overtime period - Shot Misses the Net.
0:22 of 1st overtime period - Shot by Mikko Koivu.
0:22 of 1st overtime period - Stopped by Corey Crawford with a rebound.
0:26 of 1st overtime period - Shot by Jamie Benn.
0:26 of 1st overtime period - Shot Misses the Net.
0:38 of 1st overtime period - Shot by Nicklas Backstrom.
0:38 of 1st overtime period - Goal by Nicklas Backstrom - Jets : 5 - Predators : 6.
Goals for this period are 0 for Jets vs 1 for Predators.
Shots for this period are 2 for Jets vs 1 for Predators.